[Event "January 2 Late 2024"]
[Site "https://www.chess.com"]
[Date "2024.01.02"]
[Round "5"]
[White "Mizzi, Jack"]
[Black "Khatoev, Eduard"]
[Result "1-0"]
[Board "73"]
[TimeControl "180+1"]
[WhiteFideId "5602521"]
[BlackFideId "24145076"]
[WhiteElo "2447"]
[BlackElo "2676"]
[WhiteTeam "MLT"]
[BlackTeam "RUS"]
[WhiteClock "0:00:03"]
[BlackClock "0:01:26"]

1. d4 c5 2. d5 Nf6 3. c4 d6 4. g3 Qa5+ 5. Bd2 Qb6 6. Nc3 e5 7. dxe6 Bxe6 8. Bg2 Be7 9. Nd5 Bxd5 10. cxd5 Qxb2 11. Rb1 Qxa2 12. Rxb7 Nbd7 13. Nh3 Nxd5 14. O-O Rb8 15. Rxb8+ Nxb8 16. Bg5 Nc6 17. Bxd5 Qa6 18. Bxe7 Nxe7 19. e4 Nxd5 20. Qxd5 Qb6 21. Rd1 O-O 22. Qxd6 Qxd6 23. Rxd6 Rc8 24. Kf1 c4 25. Ke1 a5 26. Rd5 Ra8 27. Kd2 a4 28. Kc3 a3 29. Rd1 a2 30. Ra1 Ra4 31. Nf4 Ra6 32. Kxc4 g5 33. Nd5 Rc6+ 34. Kd3 Ra6 35. Nc3 Rh6 36. Rxa2 Rxh2 37. Ke3 Kg7 38. Ra5 h6 39. Ra7 Rh1 40. Nb5 Re1+ 41. Kf3 Rd1 42. e5 Rd5 43. Nd6 Rxe5 44. Rxf7+ Kg6 45. Ra7 Re6 46. Ne4 Rb6 47. Ra3 h5 48. Rc3 Ra6 49. Rd3 Ra5 50. Rd6+ Kf5 51. Nd2 Ra3+ 52. Kg2 Ra2 53. Nf3 g4 54. Nh4+ Ke4 55. Rh6 Ra5 56. Rh8 Rg5 57. Re8+ Kd3 58. f4 gxf3+ 59. Kxf3 Ra5 60. Rd8+ Kc3 61. Kf4 Ra4+ 62. Kf3 Ra5 63. Ng6 Ra6 64. Nf4 Rh6 65. Rd3+ Kc2 66. Rd5 h4 67. g4 Rh7 68. Kg2 Rf7 69. Rf5 Rc7 70. Kh3 Kb3 71. Kxh4 Rc1 72. Kg5 Rg1 73. Nh5 Rg2 74. Rf3+ Kb4 75. Rg3 Ra2 76. Kg6 Ra6+ 77. Nf6 Kc5 78. g5 Kd6 79. Re3 Ra5 80. Re1 Ra3 81. Kg7 Ra6 82. g6 Ra7+ 83. Kh6 Kc5 84. g7 Rxg7 85. Kxg7 Kd4 86. Kg6 Kc3 87. Kf5 Kc2 88. Re8 Kd2 89. Kf4 Kd3 90. Kf3 Kd4 91. Re4+ Kc3 92. Ke3 Kb3 93. Rd4 Ka3 94. Nd5 Ka2 95. Rb4 Ka3 96. Kd3 Ka2 97. Kc3 Ka3 98. Rc4 Ka2 99. Ra4+ Kb1 100. Ne3 Kc1 101. Ra1# 1-0

[Event "January 2 Late 2024"]
[Site "https://www.chess.com"]
[Date "2024.01.02"]
[Round "5"]
[White "Rosen, Eric"]
[Black "Senft, Sean"]
[Result "1-0"]
[Board "74"]
[TimeControl "180+1"]
[WhiteFideId "2032562"]
[BlackFideId "2044960"]
[WhiteElo "2675"]
[BlackElo "2423"]
[WhiteTeam "USA"]
[BlackTeam "USA"]
[WhiteClock "0:00:42"]
[BlackClock "0:00:49"]

1. d4 d5 2. Bf4 Nf6 3. e3 c6 4. Nd2 Bf5 5. c4 e6 6. Qb3 Qb6 7. c5 Qxb3 8. axb3 a6 9. b4 Kd7 10. b5 cxb5 11. Bxb5+ Nc6 12. Ngf3 Nh5 13. Ne5+ Kc8 14. Nxc6 Nxf4 15. exf4 bxc6 16. Bxc6 Rb8 17. b3 Bd3 18. h4 g6 19. Rh3 Bb5 20. Bxb5 axb5 21. b4 Bg7 22. Nb3 Kb7 23. Rd3 Ra8 24. Rdd1 Rxa1 25. Rxa1 Ra8 26. c6+ 1-0

[Event "January 2 Late 2024"]
[Site "https://www.chess.com"]
[Date "2024.01.02"]
[Round "5"]
[White "Sroczynski, Maciej"]
[Black "Goryachkina, Aleksandra"]
[Result "1-0"]
[Board "75"]
[TimeControl "180+1"]
[WhiteFideId "1121472"]
[BlackFideId "4147103"]
[WhiteElo "2418"]
[BlackElo "2658"]
[WhiteTeam "POL"]
[BlackTeam "FID"]
[WhiteClock "0:00:12"]
[BlackClock "0:00:00"]

1. d4 Nf6 2. c4 e6 3. Nf3 d5 4. Nc3 Bb4 5. a3 Bxc3+ 6. bxc3 O-O 7. Bg5 h6 8. Bh4 c5 9. e3 b6 10. cxd5 exd5 11. Bd3 Ba6 12. Bxa6 Nxa6 13. Qa4 Nc7 14. Ne5 g5 15. Bg3 Ne4 16. Rc1 Ne6 17. f3 Nxg3 18. hxg3 Kg7 19. g4 Rc8 20. Kf2 Qe7 21. Rhd1 Rfe8 22. Re1 f6 23. Nd3 Qf7 24. e4 cxd4 25. exd5 Nc5 26. Nxc5 Rxe1 27. Rxe1 Rxc5 28. cxd4 Rxd5 29. Qc4 Rd7 30. Qxf7+ Kxf7 31. Rd1 Ke6 32. Ke3 Kd5 33. Kd3 Rc7 34. Rh1 Rh7 35. Rc1 a5 36. a4 Rb7 37. Rc8 Kd6 38. Rd8+ Ke6 39. Ra8 Kd6 40. Rd8+ Ke7 41. Rh8 Kd6 42. Rxh6 Ke6 43. Rh8 b5 44. Ra8 b4 45. Rxa5 b3 46. Rb5 Ra7 47. Rb6+ Kd5 48. Rb5+ Kd6 49. Rxb3 Rxa4 50. Ke4 Ke6 51. Rb6+ Kf7 52. g3 Ra5 53. f4 1-0

[Event "January 2 Late 2024"]
[Site "https://www.chess.com"]
[Date "2024.01.02"]
[Round "5"]
[White "Zakarian, David"]
[Black "Jakubowski, Krzysztof"]
[Result "0-1"]
[Board "76"]
[TimeControl "180+1"]
[WhiteFideId "13301276"]
[BlackFideId "1112848"]
[WhiteElo "2405"]
[BlackElo "2658"]
[WhiteTeam "ARM"]
[BlackTeam "POL"]
[WhiteClock "0:00:29"]
[BlackClock "0:00:56"]

1. d4 Nf6 2. c4 e6 3. Nf3 b6 4. a3 Be7 5. Nc3 O-O 6. e4 d5 7. e5 Ne4 8. cxd5 exd5 9. Bd3 Nxc3 10. bxc3 Ba6 11. O-O c5 12. Bf4 Qd7 13. Re1 Bxd3 14. Qxd3 c4 15. Qc2 Qe6 16. Bg5 Nc6 17. Bxe7 Qxe7 18. Re3 Nd8 19. Rae1 Ne6 20. Qc1 b5 21. Nd2 Rab8 22. Nf1 Rb6 23. Ng3 g6 24. Rf3 Qg5 25. Qc2 Ra6 26. Qb2 Rb8 27. Nf1 Nf4 28. Rg3 Qe7 29. Ne3 Nd3 30. Qd2 Nxe1 31. Qxe1 Qxa3 32. Qe2 Qxc3 33. Nf5 Ra1+ 0-1

[Event "January 2 Late 2024"]
[Site "https://www.chess.com"]
[Date "2024.01.02"]
[Round "5"]
[White "Petr, Jan"]
[Black "Feuerstack, Aljoscha"]
[Result "1-0"]
[Board "77"]
[TimeControl "180+1"]
[WhiteFideId "345784"]
[BlackFideId "4681932"]
[WhiteElo "2404"]
[BlackElo "2646"]
[WhiteTeam "CZE"]
[BlackTeam "GER"]
[WhiteClock "0:00:14"]
[BlackClock "0:00:15"]

1. e4 c6 2. d4 d5 3. e5 a6 4. Nc3 c5 5. dxc5 e6 6. b4 a5 7. Nb5 axb4 8. Nd6+ Bxd6 9. cxd6 Nc6 10. Nf3 f6 11. Bb5 fxe5 12. Nxe5 Qxd6 13. Qh5+ g6 14. Nxg6 Nf6 15. Qh4 Rg8 16. Bf4 Qc5 17. Bxc6+ bxc6 18. Qxf6 Rxg6 19. Qh8+ Qf8 20. Qxf8+ Kxf8 21. O-O Rg4 22. g3 Kf7 23. Rfe1 Ba6 24. a3 bxa3 25. Rxa3 Bb7 26. Rf3 Ke7 27. h4 Rg7 28. Bg5+ Kd7 29. Rf6 Re8 30. Bf4 Ba6 31. Ra1 Ra8 32. f3 Bb7 33. Re1 Re8 34. Kf2 c5 35. h5 d4 36. h6 Rg6 37. Rxg6 hxg6 38. Be5 Re7 39. Bg7 Rf7 40. h7 Rxf3+ 41. Ke2 Re3+ 42. Kd2 Rxg3 43. h8=Q Bd5 44. Be5 Rg2+ 45. Kc1 Kc6 46. Qc8+ Kb5 47. Qb8+ Kc4 48. Qb3# 1-0

[Event "January 2 Late 2024"]
[Site "https://www.chess.com"]
[Date "2024.01.02"]
[Round "5"]
[White "Rojas Alarcon, Julian Antonio"]
[Black "Ankerst, Mihael"]
[Result "1-0"]
[Board "78"]
[TimeControl "180+1"]
[WhiteFideId "5107407"]
[BlackFideId "14602369"]
[WhiteElo "2640"]
[BlackElo "2372"]
[WhiteTeam "MEX"]
[BlackTeam "SLO"]
[WhiteClock "0:00:54"]
[BlackClock "0:00:03"]

1. e4 c5 2. Nf3 Qb6 3. c3 e6 4. d4 d5 5. exd5 exd5 6. Be2 c4 7. O-O Bd6 8. b3 cxb3 9. axb3 Nc6 10. c4 Qd8 11. Nc3 Nge7 12. c5 Bc7 13. Nb5 Bb8 14. Re1 O-O 15. Bd3 a6 16. Nc3 Nb4 17. Bb1 Nec6 18. Bg5 Qc7 19. Bh4 Qf4 20. Bg3 Qg4 21. h3 Qh5 22. Ra4 Bf5 23. Bxf5 Qxf5 24. Bxb8 Raxb8 25. Ne5 Rfe8 26. Nxc6 Nxc6 27. Qd2 Rxe1+ 28. Qxe1 Kf8 29. Qd2 Re8 30. b4 g5 31. Kh2 Qf4+ 32. Qxf4 gxf4 33. Nxd5 Re2 34. Nxf4 Rxf2 35. Kg3 Rb2 36. d5 Nxb4 37. d6 Ke8 38. Ra3 Kd8 39. Re3 Rc2 40. Re7 Rxc5 41. Rxf7 Rc3+ 42. Kh2 Nd3 43. Ne6+ Kc8 44. d7+ Kb8 45. d8=Q+ Ka7 46. Qd4+ Rc5 47. Nxc5 1-0

[Event "January 2 Late 2024"]
[Site "https://www.chess.com"]
[Date "2024.01.02"]
[Round "5"]
[White "Gerbelli Neto, Eduardo"]
[Black "Bjelobrk, Igor"]
[Result "0-1"]
[Board "79"]
[TimeControl "180+1"]
[WhiteFideId "2103281"]
[BlackFideId "4300726"]
[WhiteElo "2365"]
[BlackElo "2638"]
[WhiteTeam "BRA"]
[BlackTeam "AUS"]
[WhiteClock "0:00:03"]
[BlackClock "0:00:09"]

1. e4 e6 2. d4 d5 3. Nc3 Bb4 4. Ne2 dxe4 5. a3 Bxc3+ 6. Nxc3 Nc6 7. Bb5 Ne7 8. Nxe4 O-O 9. c3 e5 10. Be3 exd4 11. cxd4 Nd5 12. O-O Re8 13. Qf3 Re6 14. Bc4 Nce7 15. Ng5 Rf6 16. Qh5 Bf5 17. Nf3 c6 18. Bg5 Bg6 19. Qh4 Re6 20. Rfe1 Rxe1+ 21. Rxe1 f6 22. Bd2 Qd7 23. Qg3 Re8 24. h4 Bf7 25. Bc3 Nf5 26. Qg4 Rxe1+ 27. Nxe1 h5 28. Qe2 Nxh4 29. Nd3 Qg4 30. Qxg4 hxg4 31. Nc5 b6 32. Nd7 Nf5 33. Nb8 Be8 34. Kf1 Kf7 35. Ke2 Ke6 36. Na6 Kd6 37. Nb4 Bf7 38. Nd3 Nxc3+ 0-1

[Event "January 2 Late 2024"]
[Site "https://www.chess.com"]
[Date "2024.01.02"]
[Round "5"]
[White "Mazzilli, Piero"]
[Black "Espinoza Villanueva, Rodrigo"]
[Result "0-1"]
[Board "80"]
[TimeControl "180+1"]
[WhiteFideId "807087"]
[BlackFideId "5140188"]
[WhiteElo "2348"]
[BlackElo "2637"]
[WhiteTeam "ITA"]
[BlackTeam "MEX"]
[WhiteClock "0:00:00"]
[BlackClock "0:01:06"]

1. e4 e6 2. d4 d5 3. Nc3 Bb4 4. exd5 exd5 5. Nf3 Ne7 6. Bd3 O-O 7. O-O Nbc6 8. a3 Bd6 9. h3 f6 10. Nb5 Bf5 11. Re1 Qd7 12. Nxd6 Qxd6 13. Bxf5 Nxf5 14. Qd3 g6 15. g4 Ng7 16. Bd2 Rae8 17. Rxe8 Rxe8 18. Re1 Rxe1+ 19. Nxe1 Ne6 20. c3 Kf7 21. Ng2 a6 22. f4 Nf8 23. Kf2 Na5 24. f5 g5 25. Qg3 Qxg3+ 26. Kxg3 Nd7 27. Kf3 Nc4 28. Bc1 Nd6 29. Ne3 c6 30. Nf1 Nb6 31. Nd2 Nbc4 32. Nxc4 Nxc4 33. b3 Nd6 34. Bd2 a5 35. a4 Ke7 36. Ke3 Kd7 37. Kd3 b5 38. axb5 cxb5 39. Bc1 Kc6 40. Ba3 Ne4 41. Be7 Kd7 42. Ba3 Nf2+ 43. Ke2 Nxh3 44. Bc1 Kd6 45. Kf3 Nf4 0-1

[Event "January 2 Late 2024"]
[Site "https://www.chess.com"]
[Date "2024.01.02"]
[Round "5"]
[White "Shohat, Yotam"]
[Black "Janaszak, Dawid"]
[Result "1-0"]
[Board "81"]
[TimeControl "180+1"]
[WhiteFideId "2813955"]
[BlackFideId "1119206"]
[WhiteElo "2357"]
[BlackElo "2637"]
[WhiteTeam "ISR"]
[BlackTeam "POL"]
[WhiteClock "0:00:08"]
[BlackClock "0:00:51"]

1. e4 c5 2. Nf3 Nc6 3. Bc4 Nf6 4. e5 Ng4 5. Bxf7+ Kxf7 6. Ng5+ Kg8 7. Qxg4 Nxe5 8. Qe2 d6 9. b3 h6 10. Ne4 Bf5 11. Bb2 Ng6 12. Nbc3 e5 13. Nd5 Qh4 14. d3 Nf4 15. Nxf4 Qxf4 16. O-O Bxe4 17. dxe4 Be7 18. Rad1 Rf8 19. Bc1 Qf7 20. Qb5 Bd8 21. Rxd6 Bb6 22. Rd7 Qg6 23. Qc4+ Kh7 24. Rxb7 Rf6 25. Be3 Re8 26. a4 Rd8 27. a5 Bxa5 28. Rxa7 Bd2 29. Bxc5 Rf4 30. f3 Rc8 31. b4 Be3+ 32. Kh1 Bd4 33. c3 Rh4 34. Qf7 Bxc5 35. Qxg6+ Kxg6 36. bxc5 Rxc5 37. g3 Rh5 38. Rc1 Kh7 39. h4 Kg8 40. Kg2 g5 41. Rb1 Rc8 42. g4 Rxh4 43. Rbb7 Rd8 44. Rg7+ Kh8 45. Rh7+ Kg8 46. Rag7+ Kf8 47. Rd7 Rxd7 48. Rxd7 h5 49. Rh7 hxg4 50. Rxh4 gxf3+ 51. Kxf3 gxh4 52. Kg4 Ke7 53. Kxh4 Kd6 54. Kg5 Kc5 55. Kf5 Kc4 56. Kxe5 Kd3 57. Kd5 Kxc3 58. e5 1-0

[Event "January 2 Late 2024"]
[Site "https://www.chess.com"]
[Date "2024.01.02"]
[Round "5"]
[White "Manukyan, Sargis A."]
[Black "Fernandez Hernandez, Gerardo"]
[Result "1-0"]
[Board "82"]
[TimeControl "180+1"]
[WhiteFideId "13303970"]
[BlackFideId "2207400"]
[WhiteElo "2631"]
[BlackElo "2337"]
[WhiteTeam "ARM"]
[BlackTeam "ESP"]
[WhiteClock "0:02:32"]
[BlackClock "0:00:25"]

1. d4 Nf6 2. c4 c5 3. d5 b5 4. cxb5 a6 5. bxa6 g6 6. Nc3 Bg7 7. Nf3 O-O 8. g3 Qa5 9. Bg2 d6 10. O-O Nxa6 11. Bd2 Qb6 12. b3 Nc7 13. e4 Ba6 14. Re1 Rfb8 15. e5 Nfxd5 16. Ng5 Nxc3 17. Bxc3 Bb7 18. Bxb7 Rxb7 19. Qf3 Rf8 20. exd6 exd6 21. Bxg7 Kxg7 22. Re7 Nd5 23. Ne6+ Kg8 24. Rxb7 Qxb7 25. Nxf8 Kxf8 26. Rd1 Qa8 27. Qxd5 Qxa2 28. Qxd6+ 1-0

[Event "January 2 Late 2024"]
[Site "https://www.chess.com"]
[Date "2024.01.02"]
[Round "5"]
[White "Sowa, Ryan"]
[Black "Jing, Andrew"]
[Result "0-1"]
[Board "83"]
[TimeControl "180+1"]
[WhiteFideId "30901693"]
[BlackFideId "30984076"]
[WhiteElo "2617"]
[BlackElo "2161"]
[WhiteTeam "USA"]
[BlackTeam "USA"]
[WhiteClock "0:00:54"]
[BlackClock "0:01:40"]

1. Nf3 Nf6 2. b3 g6 3. Bb2 Bg7 4. g3 O-O 5. Bg2 d6 6. d4 Nbd7 7. O-O c6 8. c4 Re8 9. Nc3 Qc7 10. d5 Nc5 11. Rc1 a5 12. Nd4 e5 13. dxe6 Nxe6 14. Nxe6 Bxe6 15. Nd5 Bxd5 16. cxd5 c5 17. Qd3 Nd7 18. Bxg7 Kxg7 19. e4 Ne5 20. Qc3 f6 21. f4 Nd7 22. Rce1 Re7 23. Bh3 Nb6 24. Be6 c4 25. e5 Qc5+ 26. Kg2 Nxd5 27. exf6+ Nxf6 28. Bxc4 Rae8 29. Rxe7+ Rxe7 30. Qf3 b5 31. Bd3 Nd5 32. Kh1 Re3 33. Qd1 Nc3 34. Qd2 Qd5+ 35. Kg1 Rxd3 36. Qf2 Rd2 37. Qa7+ Kh6 38. f5 Qg2# 0-1

[Event "January 2 Late 2024"]
[Site "https://www.chess.com"]
[Date "2024.01.02"]
[Round "5"]
[White "Grigoriants, Sergey"]
[Black "Kekic, Armin"]
[Result "1-0"]
[Board "84"]
[TimeControl "180+1"]
[WhiteFideId "4130804"]
[BlackFideId "14401274"]
[WhiteElo "2934"]
[BlackElo "2339"]
[WhiteTeam "HUN"]
[BlackTeam "BIH"]
[WhiteClock "0:01:09"]
[BlackClock "0:00:42"]

1. d4 d6 2. e4 e5 3. Nf3 Nc6 4. Bb5 exd4 5. Nxd4 Bd7 6. Nxc6 bxc6 7. Bc4 Nf6 8. Nc3 Be7 9. O-O O-O 10. h3 c5 11. Re1 Bc6 12. Bf4 Nd7 13. Bd5 Bxd5 14. Nxd5 Bf6 15. c3 Nb6 16. Nxf6+ Qxf6 17. Bg3 Rfe8 18. Qd3 Qe6 19. e5 d5 20. f4 c4 21. Qf3 g6 22. Bf2 c6 23. g4 f5 24. exf6 Qxf6 25. Bd4 Qf7 26. Kg2 Rxe1 27. Rxe1 Re8 28. Rxe8+ Qxe8 29. f5 Nd7 30. Bxa7 Qa8 31. Qe3 Nf8 32. Qe7 d4 33. f6 c5+ 34. Kg3 1-0

[Event "January 2 Late 2024"]
[Site "https://www.chess.com"]
[Date "2024.01.02"]
[Round "5"]
[White "Korpics, Zsolt"]
[Black "Santos Latasa, Jaime"]
[Result "0-1"]
[Board "85"]
[TimeControl "180+1"]
[WhiteFideId "705241"]
[BlackFideId "2293307"]
[WhiteElo "2512"]
[BlackElo "2908"]
[WhiteTeam "HUN"]
[BlackTeam "ESP"]
[WhiteClock "0:00:08"]
[BlackClock "0:01:03"]

1. e4 c5 2. Nf3 Nc6 3. d4 cxd4 4. Nxd4 Nf6 5. Nc3 h5 6. Bg5 Qa5 7. Bxf6 gxf6 8. Nb3 Qe5 9. Qd2 Bh6 10. Qd5 e6 11. Qxe5 fxe5 12. Nb5 Ke7 13. Rd1 a6 14. Nd6 b5 15. c3 h4 16. Nc5 Rd8 17. a3 Ra7 18. Be2 Na5 19. Bh5 Rf8 20. Bxf7 Nc4 21. Nxc4 bxc4 22. Bh5 d6 23. Na4 Rb7 24. Rb1 Bd7 25. Bd1 Rfb8 26. Ke2 Bxa4 27. Bxa4 Rxb2+ 28. Rxb2 Rxb2+ 29. Kf3 Ra2 30. Kg4 Rxa3 31. Bc6 Rxc3 32. Ra1 Rc2 33. Kxh4 c3 34. Ra3 Bc1 35. Rb3 Bb2 36. Ba4 Rxf2 37. Kg3 c2 38. Rb7+ Kf6 39. Rxb2 Rxg2+ 40. Kxg2 c1=Q 41. Rf2+ Ke7 42. Bc2 d5 43. exd5 exd5 44. Bf5 a5 45. h4 a4 46. Kg3 a3 47. Kg4 a2 48. Rxa2 Qc4+ 49. Kg5 Qxa2 50. h5 Qd2+ 51. Kg6 e4 52. h6 Qg2+ 53. Kh5 Kf6 54. h7 Qg5# 0-1

[Event "January 2 Late 2024"]
[Site "https://www.chess.com"]
[Date "2024.01.02"]
[Round "5"]
[White "Gasparyan, David"]
[Black "Chirilov, James A"]
[Result "1-0"]
[Board "86"]
[TimeControl "180+1"]
[WhiteFideId "13311980"]
[BlackFideId "30976677"]
[WhiteElo "2511"]
[BlackElo "2786"]
[WhiteTeam "USA"]
[BlackTeam "USA"]
[WhiteClock "0:00:48"]
[BlackClock "0:00:06"]

1. Nf3 Nf6 2. c4 g6 3. e3 Bg7 4. Be2 O-O 5. d4 d6 6. O-O Nbd7 7. Nc3 e5 8. dxe5 dxe5 9. Qc2 Re8 10. e4 c6 11. Rd1 Qe7 12. h3 Nc5 13. b3 b6 14. Ba3 a5 15. Na4 Nfd7 16. Rxd7 Bxd7 17. Nxb6 Rad8 18. Na4 Bf8 19. Bxc5 Qf6 20. Bxf8 Rxf8 21. Nc5 Bc8 22. Rd1 Qe7 23. Nd3 f6 24. Qc3 Qc7 25. c5 Ba6 26. Bf1 Rd7 27. Nfe1 Rfd8 28. Rc1 Rd4 29. f3 Kg7 30. Nb2 Bxf1 31. Kxf1 Rd2 32. Nc4 R2d4 33. Nd6 a4 34. b4 Qa7 35. a3 Qa6+ 36. Kf2 h5 37. Rc2 Qa8 38. Rd2 Rxd2+ 39. Qxd2 Kh7 40. Qa2 Rd7 41. Qe6 Qd8 42. Nc2 Kg7 43. Ne3 Re7 44. Qa2 Rd7 45. Nec4 Qe7 46. Nb6 Rc7 47. Qe2 Ra7 48. Qc4 Rc7 49. Qd3 Ra7 50. Qc3 Rc7 51. Nxa4 Qe6 52. Qc4 Qe7 53. Nb6 Ra7 54. a4 Qc7 55. Ne8+ Kh7 56. Nxc7 Rxc7 57. a5 Ra7 58. a6 h4 59. Nc8 Rxa6 60. Qxa6 Kh6 61. Qxc6 Kg5 62. Ne7 f5 63. Qxg6+ Kf4 64. Qh6# 1-0

[Event "January 2 Late 2024"]
[Site "https://www.chess.com"]
[Date "2024.01.02"]
[Round "5"]
[White "Gaal, Zsoka"]
[Black "Le, Quang Long"]
[Result "0-1"]
[Board "87"]
[TimeControl "180+1"]
[WhiteFideId "777765"]
[BlackFideId "12401749"]
[WhiteElo "2508"]
[BlackElo "2769"]
[WhiteTeam "HUN"]
[BlackTeam "CAN"]
[WhiteClock "0:00:05"]
[BlackClock "0:01:09"]

1. e4 c6 2. d3 d5 3. Nd2 g6 4. g3 Bg7 5. Bg2 e5 6. Ne2 Nf6 7. O-O O-O 8. Nc3 Bg4 9. Qe1 d4 10. Ne2 Na6 11. Nc4 Re8 12. a4 Rc8 13. Bd2 b5 14. axb5 cxb5 15. Na3 Qd7 16. Nc1 Nc5 17. Nb3 Na4 18. Ra2 Be6 19. Qa1 a6 20. Rc1 Bf8 21. Bg5 Ng4 22. h3 h6 23. Bd2 Nf6 24. Kh2 Kg7 25. Bf1 Bd6 26. Nb1 Rc7 27. Na5 Bxa2 28. Qxa2 Rec8 29. b3 Qe6 30. Qa1 Nc5 31. Bb4 Ncxe4 32. Bxd6 Nxd6 33. Nd2 Rxc2 34. Rxc2 Rxc2 35. b4 Rxd2 36. Nb3 Rxf2+ 0-1

[Event "January 2 Late 2024"]
[Site "https://www.chess.com"]
[Date "2024.01.02"]
[Round "5"]
[White "N_Mullodzhanov"]
[Black "Novozhilov, Semen"]
[Result "1-0"]
[Board "88"]
[TimeControl "180+1"]
[BlackFideId "24289167"]
[WhiteElo "2506"]
[BlackElo "2730"]
[BlackTeam "RUS"]
[WhiteClock "0:00:07"]
[BlackClock "0:02:09"]

1. e4 c5 2. c3 Nf6 3. e5 Nd5 4. Nf3 Nc6 5. Bc4 Nb6 6. Bb3 d6 7. exd6 Qxd6 8. O-O Be6 9. Bxe6 Qxe6 10. a4 a6 11. a5 Nd5 12. d4 cxd4 13. Nxd4 Nxd4 14. Qxd4 Qc6 15. Nd2 e6 16. Ne4 f6 17. Re1 Be7 18. b4 O-O 19. Ba3 Rfd8 20. b5 axb5 21. Bxe7 Nxe7 22. Qb6 Qxb6 23. axb6 Rxa1 24. Rxa1 Nd5 25. Nc5 Nxb6 26. Nxb7 Rd3 27. g3 Nd5 28. Nc5 Rxc3 29. Nxe6 Rc4 30. Ra7 g5 31. Rg7+ Kh8 32. Rd7 Kg8 33. Rxd5 b4 34. Rd7 b3 35. Rg7+ Kh8 36. Rb7 Kg8 37. Rxb3 Kf7 38. Re3 h5 39. Kg2 h4 40. h3 hxg3 41. fxg3 Kg6 42. Nf8+ Kf7 43. Nd7 Rc6 44. Rf3 Ke7 45. Rd3 f5 46. Ne5 Rc2+ 47. Kf3 Rh2 48. h4 gxh4 49. gxh4 Rxh4 50. Ng6+ 1-0

[Event "January 2 Late 2024"]
[Site "https://www.chess.com"]
[Date "2024.01.02"]
[Round "5"]
[White "Carlsson, Ludvig"]
[Black "Salazar Farias, Luis German"]
[Result "0-1"]
[Board "89"]
[TimeControl "180+1"]
[WhiteFideId "1727010"]
[BlackFideId "3902170"]
[WhiteElo "2707"]
[BlackElo "2505"]
[WhiteTeam "SWE"]
[BlackTeam "VEN"]
[WhiteClock "0:00:05"]
[BlackClock "0:00:08"]

1. e4 c5 2. Nf3 d6 3. Nc3 Nc6 4. d4 cxd4 5. Nxd4 Nf6 6. Nxc6 bxc6 7. Bd3 g6 8. b3 Bg7 9. Bb2 O-O 10. O-O a5 11. Re1 Nd7 12. Na4 Bxb2 13. Nxb2 Nc5 14. a4 Nxd3 15. Nxd3 c5 16. Qd2 Rb8 17. Rad1 c4 18. bxc4 Qc7 19. Nf4 Be6 20. Nd5 Bxd5 21. exd5 Rb4 22. Qh6 Qxc4 23. Rxe7 Qxd5 24. Ree1 Rd4 25. Rxd4 Qxd4 26. h4 Qxa4 27. h5 Qh4 28. Qd2 Qxh5 29. Ra1 Ra8 30. Qxd6 a4 31. Qc6 Qa5 32. c4 a3 33. c5 a2 34. Qb7 Kg7 35. Qb2+ Kg8 36. c6 Ra7 37. g3 Qc7 38. Re1 a1=Q 39. Rxa1 Rxa1+ 40. Qxa1 Qxc6 41. Qd1 h5 42. Qd2 Qe6 43. Qd1 Kg7 44. Qd4+ Qf6 45. Qd1 Qe5 46. Qd2 Qe4 47. Qb2+ Kh7 48. Qa2 Qf5 49. Qc4 Kg7 50. Qd4+ Qf6 51. Qc4 Qe5 52. Kg2 Qe6 53. Qd4+ Kh7 54. Kg1 Kg8 55. Kg2 Qg4 56. Qd8+ Kg7 57. Qd5 Qe6 58. Qd4+ Qf6 59. Qe4 Qg5 60. Qc6 h4 61. Qc3+ Kg8 62. Qc8+ Kh7 63. Qc4 Qf6 64. gxh4 Kg7 65. Qg4 Qe5 66. Qf3 Qf6 67. Qg3 Qf5 68. Qc3+ Qf6 69. Qh3 Qf4 70. Kf1 Qc4+ 71. Kg1 Qe4 72. Qg3 Qf5 73. Kg2 Qf6 74. Kh3 Qf5+ 75. Kh2 Qh5 76. Kg2 Qf5 77. Qc3+ Qf6 78. Qc4 Qf5 79. Kg3 Qe5+ 80. Kg4 Qf5+ 81. Kg3 Qe5+ 82. Kg2 Qf6 83. Qe4 Qd6 84. Kf3 Qf6+ 85. Kg3 Qc3+ 86. f3 Qf6 87. Qg4 Qe5+ 88. Kh3 Qf6 89. Kg2 Qb2+ 90. Kg3 Qe5+ 91. Kh3 Qd5 92. Qf4 Qd7+ 93. Kg3 Qd5 94. Kg4 Qe6+ 95. Kg3 Qd5 96. Kf2 Qh5 97. Qd4+ Kh7 98. Qe4 Kg7 99. Qd4+ Kg8 100. Kg3 Qf5 101. Qd8+ Kg7 102. Qd4+ Qf6 103. Qe4 Qd6+ 104. Kg4 f5+ 105. Qxf5 gxf5+ 106. Kxf5 Qf6+ 107. Kg4 Kh6 0-1

[Event "January 2 Late 2024"]
[Site "https://www.chess.com"]
[Date "2024.01.02"]
[Round "5"]
[White "Play, Gilles"]
[Black "Blanco Ronquillo, Humberto L."]
[Result "0-1"]
[Board "90"]
[TimeControl "180+1"]
[WhiteFideId "45130892"]
[BlackFideId "3504239"]
[WhiteElo "2500"]
[BlackElo "2704"]
[WhiteTeam "FRA"]
[BlackTeam "CUB"]
[WhiteClock "0:00:09"]
[BlackClock "0:00:10"]

1. e4 e5 2. Nf3 Nc6 3. c3 Nf6 4. d4 exd4 5. e5 Ne4 6. Qe2 f5 7. exf6 d5 8. Nxd4 Nxd4 9. Qh5+ g6 10. Qe5+ Ne6 11. f7+ Kxf7 12. Qxh8 Qh4 13. g3 Qh5 14. Be2 Qf5 15. Qxh7+ Bg7 16. Bh6 Nf6 17. g4 Qe4 18. f3 Qa4 19. b3 Qc6 20. Bxg7 Nxh7 21. Be5 Bd7 22. h4 Re8 23. Nd2 Kg8 24. O-O Nef8 25. f4 Qc5+ 26. Bd4 Qe7 27. Bf3 Qxh4 28. Bxd5+ Be6 29. Bg2 Qxg4 30. Ne4 Bd5 31. Rae1 Rxe4 32. Rxe4 Bxe4 33. Rf2 Ne6 34. f5 Nxd4 35. f6 Nxf6 36. Kh2 Bxg2 37. c4 Nf3+ 38. Rxf3 Bxf3 39. c5 Qg2# 0-1

[Event "January 2 Late 2024"]
[Site "https://www.chess.com"]
[Date "2024.01.02"]
[Round "5"]
[White "Hamidi, Amir Mohammad"]
[Black "Stojanovski, Sandi"]
[Result "0-1"]
[Board "91"]
[TimeControl "180+1"]
[WhiteFideId "12563285"]
[BlackFideId "1403249"]
[WhiteElo "2696"]
[BlackElo "2499"]
[WhiteTeam "IRI"]
[BlackTeam "DEN"]
[WhiteClock "0:00:00"]
[BlackClock "0:00:04"]

1. Nf3 Nf6 2. c4 e6 3. g3 d5 4. Bg2 Be7 5. b3 c5 6. cxd5 exd5 7. d4 O-O 8. O-O Ne4 9. Bb2 Bf6 10. Nbd2 Nc6 11. e3 Bg4 12. h3 Bf5 13. g4 Bg6 14. Ne5 Bxe5 15. dxe5 Qa5 16. Nxe4 Bxe4 17. f3 Bg6 18. Qxd5 Rad8 19. Qc4 Qd2 20. Bc1 Qd7 21. f4 Bd3 22. Qxc5 Bxf1 23. Bxf1 h5 24. g5 b6 25. Qd6 Qxd6 26. exd6 Rfe8 27. Bb5 Rxd6 28. Ba3 Rde6 29. f5 Rxe3 30. Bxc6 Re1+ 31. Rxe1 Rxe1+ 32. Kf2 Ra1 33. Bd6 Rxa2+ 34. Kg3 g6 35. fxg6 fxg6 36. b4 Kh7 37. b5 Rc2 38. Bb8 Ra2 39. h4 Ra4 40. Kh3 Ra3+ 41. Kg2 Ra4 42. Kf3 Ra5 43. Ke4 a6 44. bxa6 Rxa6 45. Be5 Ra2 46. Kd5 Rg2 47. Ke6 Rg4 0-1

[Event "January 2 Late 2024"]
[Site "https://www.chess.com"]
[Date "2024.01.02"]
[Round "5"]
[White "Gulamali, Kazim"]
[Black "Aarav Dengla"]
[Result "1-0"]
[Board "92"]
[TimeControl "180+1"]
[WhiteFideId "2024764"]
[BlackFideId "45059756"]
[WhiteElo "2493"]
[BlackElo "2671"]
[WhiteTeam "USA"]
[BlackTeam "IND"]
[WhiteClock "0:00:59"]
[BlackClock "0:00:03"]

1. e4 c5 2. d4 cxd4 3. Nf3 d6 4. Nxd4 Nf6 5. Nc3 a6 6. Be3 e5 7. Nb3 Be7 8. f3 Be6 9. Qd2 Nbd7 10. Nd5 Nxd5 11. exd5 Bf5 12. Na5 Qc7 13. c4 O-O 14. Be2 Bg6 15. O-O f5 16. b4 Bf6 17. Rac1 f4 18. Bf2 e4 19. Bd4 e3 20. Qb2 Ne5 21. Rfd1 Rac8 22. c5 dxc5 23. Rxc5 Qe7 24. d6 Qxd6 25. Bxe5 Rxc5 26. Bxf6 Qxf6 27. Qxf6 Rxf6 28. bxc5 b6 29. Rd6 Rf5 30. cxb6 Rc5 31. Bc4+ 1-0

[Event "January 2 Late 2024"]
[Site "https://www.chess.com"]
[Date "2024.01.02"]
[Round "5"]
[White "Gutierrez Olivares, Daniel"]
[Black "Zhu, Jiner"]
[Result "0-1"]
[Board "93"]
[TimeControl "180+1"]
[WhiteFideId "2264005"]
[BlackFideId "8608059"]
[WhiteElo "2492"]
[BlackElo "2668"]
[WhiteTeam "ESP"]
[BlackTeam "CHN"]
[WhiteClock "0:00:12"]
[BlackClock "0:01:23"]

1. Nf3 Nf6 2. c4 g6 3. g3 Bg7 4. Bg2 d6 5. O-O O-O 6. b3 e5 7. Bb2 Nbd7 8. Nc3 Qe7 9. Rc1 c6 10. d3 Re8 11. Nd2 Nf8 12. b4 Ne6 13. b5 Bd7 14. a4 Nc5 15. Nb3 Rac8 16. Na5 Rc7 17. Ba3 h5 18. bxc6 bxc6 19. Bxc5 dxc5 20. Rb1 h4 21. Qd2 Ng4 22. Qa2 hxg3 23. hxg3 Qg5 24. Ne4 Qh5 25. Rfd1 Bf8 26. Rb7 Rec8 27. Rxc7 Rxc7 28. Qb2 f5 29. Qb8 Rc8 30. Qxa7 fxe4 31. Qxd7 Ra8 32. Nxc6 e3 33. Qe6+ Kh8 34. Nxe5 exf2+ 35. Kf1 Nxe5 36. Bxa8 Ng4 37. Bg2 Qh2 38. Rb1 Qg1# 0-1